 Dungeon Crawl Stone Soup version 0.31.0-2-g5a2aebc5c2 (webtiles) character file.

Game seed: 13981007830889832231

8537 Esekla the Sneak (level 11, -12/71 HPs)
             Began as an Octopode Wanderer on Jan 20, 2024.
             Was an Initiate of Gozag.
             Mangled by Janerl's ghost (15 damage)
             ... on level 9 of the Dungeon.
             The game lasted 00:59:15 (10098 turns).

Esekla the Sneak (Octopode Wanderer)               Turns: 10098, Time: 00:59:16

Health: -12/71     AC: 11    Str: 16    XL:     11   Next: 32%
Magic:  10/17      EV: 15    Int: 18    God:    Gozag
Gold:   510        SH:  0    Dex: 12    Spells: 3/18 levels left

rFire   . . .        a - +7 Throatcutter {drain, coup de grace}
rCold   . . .        (no shield)
rNeg    . . .        b - +0 hat
rPois   +            L - amulet "Amninous" {RegenMP rPois Str+4}
rElec   .            j - ring of poison resistance
rCorr   .            n - ring of see invisible
SInv    +            z - +4 ring of protection
Will    .....        (no ring)
Stlth   +++++        (no ring)
HPRegen 0.31/turn    (no ring)
MPRegen 0.55/turn    (no ring)
                     (no ring)

%: no passive effects
@: ice-armoured, on berserk cooldown, very slightly contaminated, slowed, very
slow
A: almost no armour, amphibious, 8 rings, camouflage 1, gelatinous body 1,
(nimble swimmer 1), tentacles
a: Renounce Religion, Potion Petition, Call Merchant, Bribe Branch


You were on level 9 of the Dungeon.
You worshipped Gozag.
Gozag was pleased with you.
You visited 2 branches of the dungeon, and saw 10 of its levels.
You also visited: Ossuary and Bailey.

You collected 1992 gold pieces.
You spent 644 gold pieces at shops.
You paid 838 gold pieces to Gozag.

Inventory:

Hand Weapons
 a - the +7 Throatcutter (weapon) {drain, coup de grace}
   (You took it off Terence on level 2 of the Dungeon)
 u - a +2 quarterstaff
 v - a +2 dagger of venom
 w - a +4 long sword of holy wrath
Missiles
 h - 3 poisoned darts
 r - 4 javelins
 y - 6 boomerangs (quivered)
 G - a curare-tipped dart
Armour
 b - a +0 hat (worn)
Jewellery
 c - a ring of resist corrosion
 e - a +4 ring of protection
 j - a ring of poison resistance (left tentacle)
 n - a ring of see invisible (right tentacle)
 z - a +4 ring of protection (on tentacle)
 L - the amulet "Amninous" (around mantle) {RegenMP rPois Str+4}
   (You bought it in a shop on level 8 of the Dungeon)

   [amulet of magic regeneration]

   RegenMP:   It increases your rate of magic regeneration.
   Str+4:     It affects your strength (+4).
   rPois:     It protects you from poison
Wands
 E - a wand of iceblast (6)
Scrolls
 f - 4 scrolls of enchant weapon {unknown}
 k - 2 scrolls of fear {unknown}
 l - a scroll of torment {unknown}
 m - 2 scrolls of teleportation
 q - a scroll of vulnerability {unknown}
 t - a scroll of acquirement
 C - a scroll of blinking {unknown}
 H - a scroll of identify
 I - a scroll of enchant armour {unknown}
 J - 2 scrolls of poison {unknown}
 K - 4 scrolls of summoning {unknown}
 N - a scroll of noise {unknown}
Potions
 d - 4 potions of magic
 g - a potion of heal wounds
 o - 2 potions of brilliance
 p - 2 potions of cancellation
 s - 3 potions of curing
 x - 5 potions of resistance {unknown}
 A - 2 potions of lignification
 B - 2 potions of enlightenment
 D - 2 potions of mutation
 F - 7 potions of might {unknown}
 M - a potion of invisibility {unknown}


   Skills:
 * Level 5.1 Fighting
 + Level 2.4(5.4) Short Blades
 * Level 7.6(7.9) Long Blades
 + Level 3.7 Staves
 + Level 1.3 Throwing
 * Level 5.7 Dodging
 + Level 7.9 Stealth
 * Level 4.1 Spellcasting
 * Level 5.5 Conjurations
 * Level 3.7 Translocations
 * Level 3.3 Fire Magic
 * Level 4.9 Ice Magic
 * Level 5.0 Air Magic
 + Level 2.8 Alchemy


You had 3 spell levels left.
You knew the following spells:

 Your Spells              Type           Power      Damage    Failure   Level
a - Ozocubu's Armour      Ice            21%        N/A       6%          3
c - Mephitic Cloud        Conj/Alch/Air  19%        N/A       7%          3
n - Ignite Poison         Fire/Alch      14%        N/A       38%         4
z - Freezing Cloud        Conj/Ice/Air   11%        6-21      43%         5

Your spell library contained the following spells:

 Spells                   Type           Power      Damage    Failure   Level
 Sting                    Conj/Alch      72%        1d7       2%          1
 Lesser Beckoning         Tloc           34%        N/A       4%          2
 Swiftness                Air            21%        N/A       5%          3
 Cigotuvi's Dreadful Rot  Necr/Alch/Air  26%        N/A       8%          2
 Ensorcelled Hibernation  Hex/Ice        24%        N/A       8%          2
 Gell's Gravitas          Tloc           17%        N/A       10%         3
 Teleport Other           Tloc           17%        N/A       10%         3
 Volatile Blastmotes      Fire/Tloc      32%        2d12      10%         3
 Stone Arrow              Conj/Erth      26%        3d8       14%         3
 Jinxbite                 Hex            6%         N/A       22%         2
 Passwall                 Erth           3%         N/A       41%         3
 Iskenderun's Mystic Bla  Conj/Tloc      20%        2d6       22%         4
 Fulminant Prism          Conj/Alch      9%         3d7       26%         4
 Alistair's Intoxication  Alch           8%         N/A       77%         5
 Metabolic Englaciation   Hex/Ice        6%         N/A       82%         5
 Yara's Violent Unravell  Hex/Alch       4%         3d4       92%         5
 Borgnjor's Vile Clutch   Necr/Erth      1%         N/A       99%         5
 Summon Mana Viper        Hex/Summ       3%         N/A       99%         5
 Sculpt Simulacrum        Ice/Alch       8%         N/A       99%         6
 Eringya's Noxious Bog    Alch           6%         4d6       100%        6
 Enfeeble                 Hex            1%         N/A       100%        7
 Monstrous Menagerie      Summ           1%         N/A       100%        7
 Summon Hydra             Summ           1%         N/A       100%        7
 Lehudib's Crystal Spear  Conj/Erth      6%         10d3      100%        8
 Animate Armour           Summ/Erth      Unusable   N/A       N/A         4

Dungeon Overview and Level Annotations

Branches:
Dungeon (9/15)             Temple (1/1) D:4             Orc (0/2) D:9
Ossuary (visited)          Bailey (visited)
   Lair: D:8-11

Altars:
Ashenzari
Cheibriados
Dithmenos
Elyvilon
Fedhas
Gozag
Hepliaklqana
Kikubaaqudgha
Makhleb
Nemelex Xobeh
Okawaru
Qazlal
Ru
Sif Muna
Trog
Uskayaw
Vehumet
Wu Jian
Yredelemnul
Zin
The Shining One

Shops:
D:8 *=

Annotations:
D:9 Janerl's ghost, journeyman MiBe


Innate Abilities, Weirdness & Mutations

You cannot wear most types of armour.
You are amphibious.
You can wear up to eight rings at the same time.
Your skin changes colour to match your surroundings (Stealth+).
Your rubbery body absorbs attacks. (AC +1, EV +1)
((You are camouflaged when in or above water. (Stealth+)))
You have tentacles for arms and can constrict up to eight enemies at once.


Message History

Janerl's ghost is moderately damaged.
Janerl's ghost hits you.
You are electrocuted!
* * * LOW HITPOINT WARNING * * *
Press: ? - help, v - describe, . - travel, g - get item
Here: Janerl's ghost, wielding a weapon of electrocution (moderately damaged) Item here: 15 gold pieces.
The floor.
Unknown command.
You slice Janerl's ghost!!
Janerl's ghost is heavily damaged.
You slash Janerl's ghost!
Janerl's ghost is severely damaged.
Janerl's ghost barely misses you.
You hit Janerl's ghost.
Janerl's ghost is severely damaged.
Janerl's ghost hits you.
* * * LOW HITPOINT WARNING * * *
You are electrocuted!!
* * * LOW HITPOINT WARNING * * *
You hit Janerl's ghost but do no damage.
Janerl's ghost is severely damaged.
You are too berserk!
You miss Janerl's ghost.
Janerl's ghost is severely damaged.
Janerl's ghost misses you.
You completely miss Janerl's ghost. Your squeeze misses Janerl's ghost.
Janerl's ghost is severely damaged.
Janerl's ghost hits you.
* * * LOW HITPOINT WARNING * * *
You slash Janerl's ghost! Your squeeze misses Janerl's ghost.
Janerl's ghost is severely damaged.
You are too berserk!
Unknown command.
You miss Janerl's ghost.
Janerl's ghost is severely damaged.
You are no longer berserk.
You are exhausted.
You feel yourself slow down. Janerl's ghost hits you!
You die...
Your body crumbles into a pile of gold.

#.#......######..................
.........#####....##.............
............#......#..........#.#
......#####.!......#..........#.#
....###Y..###.......#............
...##.......###............#.....
...#...###.?..##.##....#...#....#
...#..# #....#.##.#.####.......
...#..# ..##...#@##.#.#..##.....#
...##.#...:#...$W#..#............
....#...=.[#...$$..#............#
^...#....$##...'.....#.........##
...##.....#....#...##..##.###..#
...#.....##....#...##..##....###
...#...###....##....#..##.....#
...##........##.....##..#>....#
....# .....###.......).####..##


You could see Janerl's ghost.

Vanquished Creatures
  A two-headed ogre (D:8)
  An orc high priest (Bailey)
  An orc sorcerer (Bailey)
  A steam dragon (D:8)
  8 yaks
  A warg (D:9)
  Edmund (D:5)
  3 water moccasins
  10 orc warriors
  3 ice beasts (D:9)
  A black bear (D:6)
  2 ogres
  2 centaurs
  2 wolves (D:9)
  A phantom (D:7)
  A kobold brigand (D:6)
  3 bullfrogs
  2 scorpions (D:5)
  3 wights (D:6)
  17 killer bees
  4 electric eels (Bailey)
  8 howler monkeys
  A crimson imp (D:7)
  2 bombardier beetles
  A centaur zombie (Ossuary)
  3 hounds
  5 jellies
  2 orc priests
  3 gnoll boudas
  3 human zombies (Ossuary)
  6 iguanas
  A sleepcap (D:5)
  4 orc wizards
  Terence (D:2)
  2 centaur simulacra (D:9)
  3 hound zombies (Ossuary)
  2 mummies (Ossuary)
  22 gnolls
  8 adders
  4 shadow imps
  3 white imps
  4 ufetubi (D:7)
  7 adder zombies (Ossuary)
  2 dart slugs
  2 ribbon worms (D:4)
  41 orcs
  9 endoplasms
  A giant cockroach (D:1)
  17 goblins
  14 hobgoblins
  10 kobolds
  4 quokkas
  9 ball pythons
  7 bats
  10 frilled lizards
  7 gnoll zombies (Ossuary)
  3 jackal zombies (Ossuary)
  9 kobold zombies (Ossuary)
  3 orc zombies (Ossuary)
  9 rats
320 creatures vanquished.

Notes
Turn   | Place    | Note
-------+----------+-------------------------------------------
     0 | D:1      | Esekla the Octopode Wanderer began the quest for the Orb.
     0 | D:1      | Esekla set off with the following items: a +2 quarterstaff,
                  | a +0 hat, a potion of heal wounds; and the following spell
                  | memorised: Sting; and the following spells available to
                  | memorise: Mephitic Cloud.
     0 | D:1      | Reached XP level 1. HP: 13/13 MP: 2/2
    93 | D:1      | Reached XP level 2. HP: 14/18 MP: 3/3
   272 | D:1      | Reached XP level 3. HP: 18/23 MP: 4/4
   316 | D:1      | Learned a level 3 spell: Mephitic Cloud
   714 | D:2      | Noticed Terence
   862 | D:2      | Got the Directory of the Legion
  1187 | D:2      | Reached XP level 4. HP: 28/28 MP: 6/6
  1190 | D:2      | Reached skill level 1 in Air Magic
  1322 | D:2      | Reached skill level 1 in Conjurations
  1746 | D:3      | Reached XP level 5. HP: 11/33 MP: 1/7
  1878 | D:3      | Found a basalt altar of Yredelemnul.
  1880 | D:3      | Found a hazy altar of Hepliaklqana.
  2120 | D:3      | Found a snail-covered altar of Cheibriados.
  2135 | D:3      | Found a radiant altar of Vehumet.
  2376 | D:4      | Reached XP level 6. HP: 27/39 MP: 7/9
  2437 | D:4      | Learned a level 3 spell: Ozocubu's Armour
  2516 | D:4      | Reached skill level 1 in Long Blades
  2533 | D:4      | Reached skill level 1 in Ice Magic
  2691 | D:4      | Found a staircase to the Ecumenical Temple.
  2695 | Temple   | Entered the Ecumenical Temple
  2706 | Temple   | Became a worshipper of Gozag Ym Sagoz the Greedy
  2785 | D:4      | Reached skill level 1 in Short Blades
  2899 | D:4      | Identified the amulet of the Prince of Darkness {Spirit
                  | Rampage rElec rC+ rN+}
  2933 | D:4      | Reached skill level 5 in Stealth
  2933 | D:4      | Reached XP level 7. HP: 45/45 MP: 3/10
  3104 | D:5      | Entered Level 5 of the Dungeon
  3387 | D:5      | Found a glowing silver altar of Zin.
  3387 | D:5      | Found a stormy altar of Qazlal.
  3978 | D:5      | Noticed Edmund
  3988 | D:5      | Killed Edmund
  3989 | D:5      | Reached XP level 8. HP: 19/52 MP: 1/11
  4897 | D:2      | Killed Terence
  5365 | D:6      | Found a sand-covered staircase.
  5493 | Ossuary  | Entered an ossuary
  5536 | Ossuary  | Reached skill level 1 in Translocations
  5602 | Ossuary  | Reached skill level 1 in Throwing
  6076 | D:6      | Reached XP level 9. HP: 57/57 MP: 13/13
  6398 | D:7      | Found an ancient bone altar of Kikubaaqudgha.
  6612 | D:7      | Found a glowing golden altar of the Shining One.
  6724 | D:7      | Learned a level 4 spell: Ignite Poison
  6879 | D:7      | Found a broken altar of Ashenzari.
  7456 | D:7      | Identified the +3 flail of the Hurling Gods {flame, rPois
                  | Str+2 Stlth+}
  7635 | D:8      | Found a flagged portal.
  7673 | Bailey   | Entered a bailey
  7706 | Bailey   | Reached skill level 5 in Long Blades
  7766 | Bailey   | Noticed an orc sorcerer
  7769 | Bailey   | Killed an orc sorcerer
  7770 | Bailey   | Reached skill level 1 in Fire Magic
  7770 | Bailey   | Reached XP level 10. HP: 65/65 MP: 11/15
  8027 | Bailey   | Found an iron altar of Okawaru.
  8027 | Bailey   | Noticed an orc high priest
  8036 | Bailey   | Killed an orc high priest
  8037 | Bailey   | Reached skill level 5 in Dodging
  8243 | D:8      | Bought the amulet "Amninous" {RegenMP rPois Str+4} for 644
                  | gold pieces
  8370 | D:8      | Identified the +0 chain mail "Sedenic" {Dex+2}
  8457 | D:8      | Found a shadowy altar of Dithmenos.
  8585 | D:8      | Reached skill level 5 in Conjurations
  8609 | D:8      | Noticed a two-headed ogre
  8622 | D:8      | Killed a two-headed ogre
  8828 | D:8      | Found Xoopeca's Changing Room.
  8830 | D:8      | Identified the +1 leather armour "Boceuwa" {*Corrode rN+++
                  | Int+3}
  8940 | D:8      | Reached XP level 11. HP: 33/70 MP: 17/17
  9006 | D:9      | Reached skill level 5 in Fighting
  9238 | D:9      | Learned a level 5 spell: Freezing Cloud
  9429 | D:9      | Found a staircase to the Orcish Mines.
  9704 | D:9      | Found a runed translucent gate.
  9705 | D:9      | Found a runed translucent gate.
  9706 | D:9      | Found a runed translucent gate.
  9714 | D:9      | Noticed Janerl's ghost (journeyman MiBe)
 10089 | D:9      | Reached skill level 5 in Air Magic
 10093 | D:9      | HP: 4/106 [Janerl's ghost (18)]
 10098 | D:9      | Mangled by Janerl's ghost

Illustrated notes

Levels and vault maps discovered:
D:1:      wander_arrival_lonely_grave, layout_basic, minmay_lizard_king
D:2:      layout_loops_corners, minmay_misc_feat_doors, uniq_terence
D:3:      layout_loops_ring, chequers_temple_overflow_statue_of_worship,
          jmf_multi_god_temple2, kennysheep_generic_room_3
D:4:      minmay_octagon_keep, layout_basic, temple_statues
D:5:      layout_loops_corners, gammafunk_temple_overflow_elements, uniq_edmund
D:6:      layout_basic, enter_ossuary_1
D:7:      layout_loops_corners, mainiacjoe_overflow_catch_the_wave,
          mainiacjoe_overflow_boulevard, chequers_jeans,
          dreamdust_princess_corridor, minmay_misc_feat_cross,
          minmay_fire_ice_demons
D:8:      layout_gridville, mainiacjoe_overflow_paths, enter_bailey_3,
          nicolae_transmutations_shop, nicolae_benzene_ring
D:9:      layout_cave_pools, minmay_orc_entry_guard_dogs, gammafunk_ghost_icy
Temple:   bh_familiar_temple

Skill      XL: |  1  2  3  4  5  6  7  8  9 10 11 |
---------------+----------------------------------+-----
Stealth        | 3 4 5 6 7 |  7.9
Air Magic      | 1 2 3 4 5 |  5.0
Conjurations   | 1 2 3 5 |  5.5
Spellcasting   | 2 3 4 |  4.1
Fighting       | 2 3 4 5 |  5.1
Long Blades    | 1 2 3 5 7 |  7.6
Ice Magic      | 1 2 3 4 |  4.9
Dodging        | 2 3 4 5 |  5.7
Short Blades   | 1 2 |  2.4
Translocations | 1 2 3 |  3.7
Throwing       | 1 |  1.3
Fire Magic     | 1 3 |  3.3
Staves         | |  3.7
Alchemy        | |  2.8

Action                     |  1- 3 |  4- 6 |  7- 9 | 10-12 || total
---------------------------+-------+-------+-------+-------++-------
  Melee: Quarterstaff      |    63 |       |     5 |       ||    68
         Constrict         |    15 |    21 |    58 |    24 ||   118
         Tentacles         |    10 |    16 |    59 |    28 ||   113
         Dagger            |    13 |    87 |   120 |    53 ||   273
         Long sword        |       |       |   152 |   133 ||   285
         Punch             |       |       |     3 |     4 ||     7
  Throw: Javelin           |       |     7 |     4 |       ||    11
         Dart              |       |       |    23 |     5 ||    28
         Boomerang         |       |       |     5 |     8 ||    13
   Cast: Sting             |     1 |       |       |       ||     1
         Mephitic Cloud    |       |     2 |    10 |     9 ||    21
         Ozocubu's Armour  |       |     1 |    10 |    12 ||    23
         Ignite Poison     |       |       |       |     1 ||     1
 Invoke: Call Merchant     |       |       |     1 |       ||     1
    Use: Scroll            |       |     5 |     7 |       ||    12
         Potion            |       |       |     2 |     3 ||     5
   Stab: Sleeping          |    13 |     6 |    39 |     6 ||    64
         Distracted        |       |       |     2 |     2 ||     4
         Confused          |       |       |     4 |     6 ||    10
 Armour: Skin              |    24 |    26 |   125 |   112 ||   287
  Dodge: Dodged            |    39 |    46 |   123 |   131 ||   339
